 Dungeon Crawl Stone Soup version 0.22.0-38-g04b72b8 (webtiles) character file.

11739 inkymcblowfish the Covert (level 11, -2/76 HPs)
             Began as an Octopode Fighter on Aug 24, 2018.
             Was a Priest of Wu Jian.
             Slain by a killer bee (6 damage)
             ... on level 10 of the Dungeon on Aug 25, 2018.
             The game lasted 00:57:31 (8157 turns).

inkymcblowfish the Covert (Octopode Fighter)        Turns: 8157, Time: 00:57:32

Health: -2/76      AC:  1    Str: 21    XL:     11   Next: 82%
Magic:  24/24      EV: 14    Int: 11    God:    Wu Jian [***...]
Gold:   468        SH: 12    Dex: 14    Spells: 7/10 levels left

rFire    . . .     SeeInvis +   e - +5 dagger of Valour {freeze, rC+ MP+9}
rCold    + . .     Gourm    .   b - +2 shield
rNeg     + . .     Faith    .   c - +0 hat
rPois    .         Spirit   .   y - amulet of regeneration
rElec    .         Reflect  .   g - ring of positive energy
rCorr    .         Harm     .   B - ring of see invisible
MR       .....                  (no ring)
Stlth    ++++++....             (no ring)
HPRegen  0.62/turn              (no ring)
MPRegen  0.19/turn              (no ring)
                                (no ring)
                                (no ring)

@: mighty, lethally poisoned (-2 -> -15)
A: almost no armour, stealthy swim, amphibious, 8 rings, constrict 8, camouflage
1, gelatinous body 1
a: Wall Jump, Serpent's Lash, Renounce Religion


You were on level 10 of the Dungeon.
You worshipped Wu Jian.
Wu Jian was most pleased with you.
You were very full.

You visited 2 branches of the dungeon, and saw 11 of its levels.

You collected 535 gold pieces.
You spent 67 gold pieces at shops.

Inventory:

Hand Weapons
 a - a +3 dagger of draining
 e - the +5 dagger of Valour (weapon) {freeze, rC+ MP+9}
   (You found it on level 5 of the Dungeon)

   It has been specially enchanted to freeze those struck by it, causing extra
   injury to most foes and up to half again as much damage against particularly
   susceptible opponents.
   It can also slow down cold-blooded creatures.
   It protects you from cold.
   It affects your magic capacity (+9).
Missiles
 q - 17 javelins (quivered)
 u - 12 tomahawks
Armour
 b - a +2 shield (worn)
 c - a +0 hat (worn)
Jewellery
 g - a ring of positive energy (left tentacle)
 h - an uncursed amulet of the acrobat
 r - an uncursed ring of fire
 y - an amulet of regeneration (around mantle)
 B - a ring of see invisible (right tentacle)
 E - an uncursed ring of ice
Wands
 f - a wand of flame (33)
 m - a wand of iceblast (6)
 s - a wand of digging (40)
 w - a wand of paralysis (14)
Scrolls
 j - 2 scrolls of fear
 p - 5 scrolls of remove curse
 v - a scroll of enchant weapon
Potions
 i - 2 potions of magic
 k - 2 potions of haste {unknown}
 l - a potion of ambrosia {unknown}
 n - 3 potions of curing
 o - 2 potions of brilliance {unknown}
 t - 2 potions of mutation {unknown}
 x - a potion of lignification
 z - 2 potions of agility
 A - a potion of might
 C - a potion of berserk rage {unknown}
 D - 2 potions of flight {unknown}
 F - a potion of cancellation {unknown}
Comestibles
 d - 22 rations


   Skills:
 * Level 7.7 Fighting
 * Level 9.8 Short Blades
 + Level 6.4 Throwing
 + Level 5.5 Dodging
 * Level 12.3 Stealth
 + Level 5.4 Shields
 * Level 6.5 Evocations


You had 7 spell levels left.
You knew the following spells:

 Your Spells              Type           Power        Failure   Level  Hunger
a - Beastly Appendage     Tmut           #.....       77%         1    ##.....
b - Sticks to Snakes      Tmut           #.......     88%         2    ###....

Your spell library contained the following spells:

 Spells                   Type           Power        Failure   Level  Hunger
 Flame Tongue             Conj/Fire      #....        77%         1    ##.....
 Freeze                   Ice            #...         77%         1    ##.....
 Throw Flame              Conj/Fire      #.....       88%         2    ###....
 Throw Frost              Conj/Ice       #.....       88%         2    ###....
 Conjure Flame            Conj/Fire      #.......     98%         3    ####...
 Inner Flame              Hex/Fire       #.......     98%         3    ####...
 Ozocubu's Armour         Chrm/Ice       #.......     98%         3    ####...
 Spider Form              Tmut/Pois      #.........   98%         3    ####...
 Ice Form                 Ice/Tmut       #.......     100%        4    #####..
 Sticky Flame             Conj/Fire      #.......     100%        4    #####..
 Summon Ice Beast         Ice/Summ       #.......     100%        4    #####..
 Throw Icicle             Conj/Ice       #.......     100%        4    #####..
 Blade Hands              Tmut           #.........   100%        5    ######.
 Fireball                 Conj/Fire      #.........   100%        5    ######.


Dungeon Overview and Level Annotations

Branches:
Dungeon (10/15)            Temple (1/1) D:7
   Lair: D:8-11         Orc: D:9-12

Altars:
Ashenzari
Cheibriados
Dithmenos
Elyvilon
Fedhas
Gozag
Hepliaklqana
Kikubaaqudgha
Makhleb
Nemelex Xobeh
Okawaru
Qazlal
Ru
Sif Muna
Trog
Uskayaw
Vehumet
Wu Jian
Xom
Yredelemnul
Zin
The Shining One
Lugonu

Shops:
D:7 (   D:9 (


Innate Abilities, Weirdness & Mutations

You cannot wear most types of armour.
You are very stealthy in the water. (Stealth+)
You are amphibious.
You can wear up to eight rings at the same time.
You can use your tentacles to constrict eight enemies at once.
Your skin changes colour to match your surroundings (Stealth+).
Your rubbery body absorbs attacks. (AC +1, EV +1)


Message History

You hit the killer bee. You freeze the killer bee.
The killer bee is heavily wounded.
You puncture the killer bee! You freeze the killer bee.
You kill the killer bee!
The Council accepts your kill.
You repeatedly attack the killer bee from above.
You puncture the killer bee! You freeze the killer bee!
You kill the killer bee!
The Council accepts your kill.
You feel very sick. The killer bee closely misses you.
The killer bee stings you. The killer bee barely misses you.
The killer bee stings you!
* * * LOW HITPOINT WARNING * * *
The killer bee stings you.
* * * LOW HITPOINT WARNING * * *
You are lethally poisoned!
The killer bee poisons you! The killer bee stings you.
* * * LOW HITPOINT WARNING * * *
The killer bee stings you.
You die...

+... #....... ... #...
#.#....... .... #...
..#.....'### .... #.##
#...∩.....#..... #
#.........#.... .
#.........'.. .(
#.....§§§.#
#.....§@y.# ...##..
#...!.yy§.#
......####......)§.#
.≈≈≈≈....####'########
....≈≈...............#
..≈.≈≈≈≈≈..≈≈≈≈≈.....#
≈≈≈≈≈≈≈≈≈≈≈≈..)......#
...≈≈≈...............#
...≈≈≈≈≈...##'####+###


You could see 3 killer bees.

Vanquished Creatures
  Gastronok (D:8)
  An ettin (D:9)
  Pikel (D:5)
  Maurice (D:8)
  A polar bear (D:10)
  Prince Ribbit (D:6)
  3 hippogriffs
  Sigmund (D:2)
  9 yaks (D:9)
  4 hogs (D:8)
  A human (D:8)
  2 hungry ghosts (D:7)
  A steam dragon (D:10)
  2 water moccasins (D:9)
  6 orc warriors
  3 slaves (D:5)
  2 ice beasts (D:10)
  5 ogres
  3 phantoms
  5 centaurs
  A big kobold (D:9)
  8 bullfrogs
  A gnoll sergeant (D:6)
  4 scorpions
  15 killer bees
  4 wights (D:6)
  A howler monkey (D:5)
  4 bullfrog zombies
  5 crimson imps
  A jelly (D:5)
  A centaur zombie (D:6)
  A gnoll shaman (D:8)
  A quasit (D:9)
  2 bullfrog skeletons
  5 hounds
  An orc priest (D:9)
  3 iguanas
  6 orc wizards
  2 worker ants (D:6)
  A hound zombie (D:5)
  3 hound skeletons
  2 worker ant zombies
  10 gnolls
  15 adders
  2 shadow imps
  An ufetubus (D:10)
  An adder zombie (D:6)
  An ooze (D:3)
  3 worms
  2 dart slugs
  8 leopard geckos
  38 orcs
  6 giant cockroaches
  3 hobgoblins
  12 jackals
  10 kobolds
  2 quokkas
  2 ball pythons
  2 bats
  6 frilled lizards
  7 goblins
  A leopard gecko skeleton (D:9)
  A quokka zombie (D:8)
  25 rats
283 creatures vanquished.

Vanquished Creatures (others)
  A gnoll (D:6)
1 creature vanquished.

Grand Total: 284 creatures vanquished

Notes
Turn   | Place    | Note
-------+----------+-------------------------------------------
     0 | D:1      | inkymcblowfish the Octopode Fighter began the quest for the Orb.
     0 | D:1      | Reached XP level 1. HP: 16/16 MP: 1/1
   334 | D:1      | Reached XP level 2. HP: 21/21 MP: 2/2
   648 | D:1      | Reached skill level 1 in Stealth
   867 | D:1      | Reached XP level 3. HP: 26/26 MP: 3/3
  1305 | D:2      | Noticed Sigmund
  1308 | D:2      | Reached skill level 1 in Throwing
  1312 | D:2      | Killed Sigmund
  1312 | D:2      | Reached skill level 2 in Stealth
  1312 | D:2      | Reached XP level 4. HP: 33/33 MP: 4/4
  1312 | D:2      | Reached XP level 5. HP: 37/37 MP: 5/5
  1553 | D:3      | Found a white marble altar of Elyvilon.
  1605 | D:3      | Reached XP level 6. HP: 43/43 MP: 6/6
  1822 | D:3      | Reached skill level 3 in Stealth
  1842 | D:3      | Found a faded altar of an unknown god.
  1872 | D:3      | Found a basalt altar of Yredelemnul.
  1872 | D:3      | Found a sparkling altar of Nemelex Xobeh.
  2152 | D:4      | Noticed a phantom
  2163 | D:4      | Killed a phantom
  2180 | D:4      | Noticed a dagger
  2180 | D:4      | Noticed a hand axe
  2187 | D:4      | Found a hide-covered altar of Uskayaw.
  2197 | D:4      | Found an ancient bone altar of Kikubaaqudgha.
  2259 | D:4      | Reached skill level 4 in Stealth
  2512 | D:4      | Reached XP level 7. HP: 48/49 MP: 7/7
  2771 | D:5      | Entered Level 5 of the Dungeon
  2802 | D:5      | Reached skill level 5 in Stealth
  2802 | D:5      | Reached skill level 1 in Evocations
  2847 | D:5      | Found a shattered altar of Ashenzari.
  2970 | D:5      | Reached skill level 6 in Stealth
  3195 | D:5      | Noticed Pikel
  3213 | D:5      | Killed Pikel
  3213 | D:5      | Reached skill level 5 in Fighting
  3213 | D:5      | Reached skill level 5 in Short Blades
  3213 | D:5      | Reached XP level 8. HP: 18/55 MP: 9/9
  3303 | D:5      | Found a blossoming altar of Fedhas.
  3314 | D:5      | Got an ichor-stained dagger
  3315 | D:5      | Identified the +5 dagger of Valour {freeze, rC+ MP+9} (You found it on level 5 of the Dungeon)
  3359 | D:5      | Found a shimmering altar of Xom.
  3772 | D:6      | Reached skill level 7 in Stealth
  3833 | D:6      | Reached XP level 9. HP: 49/61 MP: 11/11
  3984 | D:6      | Found a blossoming altar of Fedhas.
  4259 | D:6      | Noticed Prince Ribbit
  4273 | D:6      | Killed Prince Ribbit
  4273 | D:6      | Reached skill level 8 in Stealth
  4284 | D:6      | Reached skill level 5 in Throwing
  4698 | D:7      | Found a radiant altar of Vehumet.
  4699 | D:7      | Found a burning altar of Makhleb.
  4987 | D:7      | Found Vuloazuq's Weapon Emporium.
  5152 | D:7      | Found a snail-covered altar of Cheibriados.
  5214 | D:7      | Reached XP level 10. HP: 61/68 MP: 13/13
  5226 | D:7      | Found a staircase to the Ecumenical Temple.
  5243 | Temple   | Entered the Ecumenical Temple
  5291 | Temple   | Became a worshipper of the Wu Jian Council
  5494 | D:7      | Bought 6 javelins for 67 gold pieces
  5531 | D:8      | Found an iron altar of Okawaru.
  5772 | D:8      | Reached * piety under Wu Jian
  5901 | D:8      | Noticed Gastronok
  5940 | D:8      | Killed Gastronok
  5940 | D:8      | Reached skill level 5 in Dodging
  5940 | D:8      | Reached skill level 9 in Stealth
  5940 | D:8      | Reached skill level 5 in Evocations
  6064 | D:8      | Noticed Maurice
  6067 | D:8      | Killed Maurice
  6311 | D:8      | Reached XP level 11. HP: 44/75 MP: 15/15
  6317 | D:8      | Reached skill level 10 in Stealth
  6607 | D:9      | Found an opulent altar of Gozag.
  6621 | D:9      | Reached skill level 5 in Shields
  7141 | D:9      | Reached ** piety under Wu Jian
  7280 | D:9      | Upgraded the game from 0.22.0-36-g8e74550 to 0.22.0-38-g04b72b8
  7305 | D:9      | Noticed an ettin
  7308 | D:9      | Killed an ettin
  7436 | D:9      | Reached skill level 11 in Stealth
  7565 | D:9      | Found Vufeujo's Antique Weapon Emporium.
  7702 | D:9      | Found a hazy altar of Hepliaklqana.
  7798 | D:10     | Entered Level 10 of the Dungeon
  7836 | D:10     | Reached *** piety under Wu Jian
  7851 | D:10     | Learned a level 1 spell: Beastly Appendage
  7854 | D:10     | Learned a level 2 spell: Sticks to Snakes
  8090 | D:10     | Reached skill level 12 in Stealth
  8157 | D:10     | Slain by a killer bee

Skill      XL: |  1  2  3  4  5  6  7  8  9 10 11 |
---------------+----------------------------------+-----
Stealth        | 1 2 4 6 7 8 9 12 | 12.3
Throwing       | 1 2 3 4 5 6 |  6.4
Fighting       | 4 5 6 7 |  7.7
Short Blades   | 3 4 5 7 8 9 |  9.8
Evocations     | 2 3 4 5 6 |  6.5
Dodging        | 4 5 |  5.5
Shields        | 4 5 |  5.4

Action                   |  1- 3 |  4- 6 |  7- 9 | 10-12 || total
-------------------------+-------+-------+-------+-------++-------
Melee: Rapier            |    16 |       |       |       ||    16
       Constrict         |    14 |    20 |    52 |    43 ||   129
       Tentacles         |     7 |    14 |    51 |    68 ||   140
       Dagger            |    32 |    73 |   252 |   312 ||   669
Throw: Stone             |    10 |     4 |       |       ||    14
       Javelin           |       |     4 |    60 |    17 ||    81
       Tomahawk          |       |     3 |    14 |       ||    17
Invok: Lunge             |       |       |       |    51 ||    51
       Whirlwind         |       |       |       |    41 ||    41
       Wall Jump         |       |       |       |     8 ||     8
Evoke: Wand              |       |       |       |     7 ||     7
  Use: Scroll            |     3 |     5 |    11 |     3 ||    22
       Potion            |     1 |       |     6 |     3 ||    10
 Stab: Sleeping          |     3 |    12 |    10 |    23 ||    48
       Invisible         |       |       |     3 |       ||     3
       Distracted        |       |       |       |     1 ||     1
  Eat: Chunk             |     1 |     4 |    10 |     2 ||    17
       Ration            |       |       |       |     5 ||     5
Armor: Skin              |     1 |       |    20 |     4 ||    25
Dodge: Dodged            |    12 |    15 |    63 |    61 ||   151
Block: Shield            |    18 |    13 |    86 |    80 ||   197
